Map: Oceanborn LE

Players

TalkingCamel - Winner!

  • Race: Terran Terran
  • League: Master
  • Spawn Location: 11:00

A.I. 2 (Very Easy)

  • Race: Terran Terran
  • Spawn Location: 5:00

VOD

Have the link to the VOD?

Description

Time

  • Played on: July 10, 2024, 1:11 a.m.
  • Length: 7:58
Show
View Real Time Build Order
Export as new Build Order

TalkingCamel Terran - Winner!

Build Orders: Cyclone Opening 

Get SALT Encoding   

  12  0:00  SCV  
  13  0:12  SCV  
  14  0:17  Supply Depot  
  14  0:24  SCV  
  15  0:39  SCV  
  15  0:40  Barracks  
  16  0:44  Refinery  
  16  0:51  SCV  
  16  0:52  Refinery  
  17  1:03  SCV  
  18  1:15  SCV  
  19  1:27  Reaper, Orbital Command  
  19  1:30  Supply Depot  
  20  1:41  Factory  
  20  1:53  SCV  
  21  2:01  Reaper  
  22  2:05  SCV  
  23  2:15  Command Center  
  23  2:18  SCV  
  24  2:27  Cyclone  
  26  2:30  SCV  
  27  2:38  Barracks Reactor, Supply Depot  
  27  2:42  SCV  
  28  2:50  Starport  
  28  2:54  SCV  
  29  3:00  Factory Tech Lab  
  29  3:07  SCV  
  30  3:14  Marine x2  
  30  3:18  Siege Tank  
  30  3:19  SCV  
  36  3:27  Orbital Command  
  36  3:29  Starport Tech Lab  
  36  3:31  SCV  
  37  3:35  Refinery  
  37  3:37  Marine x2  
  39  3:43  SCV  
  39  3:47  Raven  
  42  3:51  Supply Depot  
  42  3:53  SCV  
  42  3:55  Marine, SCV  
  45  3:59  Interference Matrix  
  45  4:05  SCV  
  45  4:07  SCV  
  47  4:14  Siege Tank, Supply Depot  
  50  4:17  SCV  
  50  4:19  SCV  
  52  4:29  SCV  
  53  4:31  SCV  
  53  4:32  Raven  
  53  4:35  Command Center  
  56  4:41  SCV  
  56  4:43  SCV  
  58  4:53  Stimpack, SCV  
  58  4:54  Factory Reactor  
  58  4:55  SCV  
  60  5:00  Marine  
  60  5:02  Barracks x2  
  60  5:05  SCV  
  60  5:06  Supply Depot  
  62  5:08  Raven, SCV  
  65  5:16  Engineering Bay  
  65  5:17  Engineering Bay  
  65  5:18  SCV  
  66  5:21  Marine  
  66  5:22  Supply Depot  
  66  5:23  SCV  
  68  5:30  SCV  
  68  5:31  Supply Depot  
  68  5:35  SCV  
  70  5:39  Marine  
  70  5:42  SCV  
  72  5:45  Terran Infantry Armor Level 1, Terran Infantry Weapons Level 1  
  72  5:46  Orbital Command  
  72  5:47  SCV  
  72  5:48  Siege Tank  
  76  5:54  Marine x2, SCV  
  76  5:56  Barracks Reactor  
  79  5:59  SCV  
  79  6:00  Supply Depot  
  80  6:07  Barracks x2  
  80  6:08  Supply Depot, Orbital Command  
  80  6:11  SCV  
  80  6:17  Marine x2, SCV  
  80  6:18  Marine  
  85  6:20  Medivac  
  85  6:22  Refinery  
  85  6:23  Medivac, SCV  
  90  6:29  SCV  
  91  6:34  SCV  
  91  6:35  Marine x4  
  91  6:36  SCV  
  91  6:38  Combat Shield  
  97  6:41  SCV  
  97  6:45  Supply Depot  
  97  6:46  SCV  
  99  6:48  Marine, SCV  
  99  6:50  Medivac  
  99  6:53  Marine, SCV  
  105  6:54  Medivac  
  105  6:55  Marine x2  
  105  6:58  SCV  
  105  6:59  Barracks Reactor  
  105  7:00  SCV  
  111  7:04  Barracks Reactor  
  111  7:05  SCV  
  111  7:06  Marine  
  111  7:07  Marine, Supply Depot  
  114  7:10  SCV  
  114  7:11  Marine  
  114  7:12  SCV  
  114  7:13  Marine x2  
  119  7:17  SCV  
  119  7:20  Medivac  
  119  7:22  SCV  
  123  7:24  Marine, SCV  
  123  7:27  Marine  
  123  7:29  Marine  
  127  7:31  SCV  
  127  7:34  SCV  
  127  7:35  Marine x3  
  127  7:36  Marine, SCV  
  134  7:37  Barracks, Command Center  
  134  7:38  Barracks  
  134  7:39  Barracks  
  134  7:43  SCV  
  138  7:45  Supply Depot  
  138  7:48  Armory  
Show
View Real Time Build Order
Export as new Build Order

A.I. 2 (Very Easy) Terran 

Build Orders:  

Get SALT Encoding   

  12  0:00  SCV  
  13  0:13  SCV  
  14  0:18  Supply Depot  
  14  0:36  Refinery  
  14  0:42  Barracks  
  14  1:04  Supply Depot  
  14  1:11  Refinery  
  14  1:29  Marine, Orbital Command  
  15  1:55  SCV  
  16  2:06  Marine  
  16  2:07  SCV  
  18  2:19  SCV  
  19  2:31  SCV  
  20  2:42  Marine  
  20  2:43  SCV  
  22  2:55  SCV  
  23  6:04  Marine, SCV  
  23  6:06  Supply Depot  
  23  6:08  Factory  
  25  6:28  SCV  
  25  6:32  Supply Depot  
  26  6:39  Marine  
  25  6:40  SCV  
  25  6:46  Command Center  
  25  6:52  SCV  
  25  6:54  Starport  
  26  6:58  Barracks Tech Lab  
  26  7:04  SCV  
  27  7:17  Marine  
  27  7:28  SCV  
  20  7:33  Starport Tech Lab  
  6  7:45  Starport Tech Lab  
Tags
 
League
Master
Matchup
TvT
Race
Terran
Spawn Locations
Cross Positions
Add a new tag
Caveats
  • Supply blocks, unpowered buildings, or Contaminate may cause inaccurate times.
  • Supply counts are checked every 10 seconds.